 Dungeon Crawl Stone Soup version 0.28.0-53-g5a82cb258f (webtiles) character file.

Game seed: 18352117200675717952

9581 concernfroge the Thaumaturge (level 11, -6/59 HPs)
             Began as a Deep Elf Conjurer on June 26, 2022.
             Was a Believer of Sif Muna.
             Killed by an exploding fulminant prism (24 damage)
             ... in an ice cave.
             The game lasted 00:40:40 (10457 turns).

concernfroge the Thaumaturge (Deep Elf Conjurer)   Turns: 10457, Time: 00:40:40

Health: -6/59      AC: 10    Str:  6      XL:     11   Next: 24%
Magic:  0/36       EV: 13    Int: 38      God:    Sif Muna [**....]
Gold:   164        SH:  0    Dex: 11 (13) Spells: 16/30 levels left

rFire   . . .      SeeInvis .   p - +4 whip "Ussomadgh" {vorpal, rC- Will++ MP+9 Str+2}
rCold   x . .      Faith    .   v - orb {light}
rNeg    + . .      Spirit   +   B - +0 steam dragon scales
rPois   .          Reflect  .   d - +0 helmet
rElec   +          Harm     .   j - +0 cloak
rCorr   .          Rampage  .   s - +0 pair of gloves
Will    +++..                   D - +1 pair of boots of Quantum Leap {*Corrode +Blink rElec Int+4}
Stlth   +.........              A - amulet of guardian spirit
HPRegen 0.19/turn               f - ring of positive energy
MPRegen 0.25/turn               e - +6 ring of intelligence

@: glowing
A: no striking features
a: Renounce Religion, Evoke Blink, Channel Magic


You were in an ice cave.
You worshipped Sif Muna.
Sif Muna was pleased with you.
You visited 3 branches of the dungeon, and saw 10 of its levels.
You also visited: Ice Cave.

You collected 449 gold pieces.
You spent 285 gold pieces at shops.

Inventory:

Hand Weapons
 p - the +4 whip "Ussomadgh" (weapon) {vorpal, rC- Will++ MP+9 Str+2}
   (You found it on level 6 of the Dungeon)

   It inflicts extra damage upon your enemies.
   Str:       It affects your strength (+2).
   rC:        It makes you vulnerable to cold.
   MP:        It affects your magic capacity (+9).
   Will:      It greatly increases your willpower.
Armour
 a - a +0 robe
 d - a +0 helmet (worn)
 j - a +0 cloak (worn)
 s - a +0 pair of gloves (worn)
 v - an orb of light (worn)
 y - a +0 kite shield
 B - +0 steam dragon scales (worn)
 D - the +1 pair of boots of Quantum Leap (worn) {*Corrode +Blink rElec Int+4}
   (You bought it in a shop on level 8 of the Dungeon)

   Int:       It affects your intelligence (+4).
   rElec:     It insulates you from electricity.
   +Blink:    It lets you blink.
   *Corrode:  It may corrode you when you take damage.
Jewellery
 c - a ring of fire
 e - a +6 ring of intelligence (right hand)
 f - a ring of positive energy (left hand)
 x - a +4 ring of slaying
 A - an amulet of guardian spirit (around neck)
Wands
 g - a wand of acid (1) (quivered)
 l - a wand of iceblast (13)
 m - a wand of flame (8)
 z - a wand of polymorph (7)
Scrolls
 i - 2 scrolls of teleportation
 o - a scroll of torment
 q - 3 scrolls of vulnerability
 r - 2 scrolls of fear
 u - 2 scrolls of amnesia
 w - a scroll of enchant armour {unknown}
 F - a scroll of acquirement {unknown}
Potions
 b - 3 potions of invisibility
 h - 3 potions of curing
 k - 2 potions of mutation
 n - a potion of degeneration
 t - a potion of flight
 C - a potion of heal wounds


   Skills:
 + Level 2.8 Fighting
 + Level 5.0 Dodging
 - Level 2.4 Stealth
 - Level 10.0 Spellcasting
 - Level 10.0 Conjurations
 - Level 10.0 Hexes
 - Level 10.0 Translocations
 + Level 3.7 Invocations
 + Level 3.7 Evocations


You had 16 spell levels left.
You knew the following spells:

 Your Spells              Type           Power      Damage    Failure   Level
a - Magic Dart            Conj           100%       1d8       1%          1
b - Searing Ray           Conj           100%       2d8       1%          2
c - Dazzling Flash        Conj/Hex       100%       N/A       1%          3
d - Fulminant Prism       Conj/Hex       38%        3d18      1%          4
e - Iskenderun's Mystic   Conj/Tloc      76%        2d15      1%          4

Your spell library contained the following spells:

 Spells                   Type           Power      Damage    Failure   Level
 Summon Forest            Summ/Tloc      27%        N/A       7%          5
 Petrify                  Tmut/Erth      19%        N/A       21%         4
 Summon Ice Beast         Ice/Summ       19%        N/A       21%         4


Dungeon Overview and Level Annotations

Branches:
Dungeon (8/15)             Temple (1/1) D:6            Lair (1/6) D:8
  IceCv (1/1)

Altars:
Ashenzari
Cheibriados
Dithmenos
Elyvilon
Fedhas
Gozag
Hepliaklqana
Kikubaaqudgha
Makhleb
Nemelex Xobeh
Okawaru
Qazlal
Ru
Sif Muna
Trog
Uskayaw
Vehumet
Wu Jian
Xom
Yredelemnul
Zin
The Shining One

Shops:
D:8 [

Annotations:
IceCv exclusion: 2 ice statues


Message History

Really walk into a travel-excluded area?
Casting: Searing Ray (safe; 1% risk of failure)
Confirm with . or Enter, or press ? or * to list all spells.
Aiming: Fulminant Prism (safe; 1% risk of failure)
Press: ? - help, Dir - move target You conjure a prism of explosive energy!
A fulminant prism comes into view.
The ice statue gestures at you. The shard of ice hits you!
You feel a painful chill!
Casting: Fulminant Prism (safe; 1% risk of failure)
Confirm with . or Enter, or press ? or * to list all spells.
Aiming: Searing Ray (safe; 1% risk of failure)
Press: ? - help, Shift-Dir - straight line, f - ice statue
Aim: an ice statue (ally target, haloed, 100% to hit)
The searing ray hits the ice statue.
The ice statue is lightly damaged. (Press . to maintain the ray.)
Your fulminant prism crackles loudly.
The searing ray hits the ice statue.
The ice statue is lightly damaged.
Your fulminant prism explodes!
The blast of energy engulfs the ice statue!!
The ice statue is heavily damaged.
Casting: Searing Ray (safe; 1% risk of failure)
Confirm with . or Enter, or press ? or * to list all spells.
Aiming: Fulminant Prism (safe; 1% risk of failure)
Press: ? - help, Dir - move target, p - ice statue You conjure a prism of explosive energy!
A fulminant prism comes into view.
The ice statue gestures at you.
The ice statue glitters chillingly in the dim dungeon light.
The ice statue gestures at you. The freezing blast engulfs you!!
You feel a terrible chill!
Your fulminant prism crackles loudly.
You are engulfed in freezing vapours.
Your fulminant prism explodes!
The blast of energy engulfs the ice statue!!
The ice statue is almost destroyed.
The blast of energy engulfs you!!
You die...

#...## ##...#
##...# #...## #
##...####
##8#.☼☼○☼#8##
#.....☼☼☼☼○§##
#......☼☼°○§..#
#........§☼@..#
#.........§☼....#
#...............#
#.......⌠.......#
#...............#
#...............#
...........##
##...####.#


You could see an ice statue.

Vanquished Creatures
  A two-headed ogre (D:8)
  2 black mambas (Lair:1)
  4 entropy weaver simulacra (IceCv)
  2 komodo dragons (Lair:1)
  6 ice devils (IceCv)
  3 anaconda simulacra (IceCv)
  Prince Ribbit (D:8)
  Sigmund (D:4)
  A wyvern (D:7)
  A dire elephant simulacrum (IceCv)
  5 yaks (Lair:1)
  2 death yak simulacra (IceCv)
  A steam dragon (D:8)
  3 water moccasins
  An orc warrior (D:8)
  An ice beast (D:7)
  A black bear (D:4)
  A necrophage (D:5)
  2 ogres
  A centaur (D:8)
  A phantom (D:4)
  A kobold brigand (D:8)
  2 scorpions
  2 cane toad simulacra (Lair:1)
  4 bullfrogs
  A wyvern zombie (D:6)
  A two-headed ogre simulacrum (IceCv)
  7 killer bees (Lair:1)
  3 electric eels (D:8)
  A centaur zombie (D:7)
  3 howler monkeys (D:7)
  A jelly (D:7)
  2 hounds (D:6)
  A bullfrog zombie (D:7)
  3 orc priests
  A bullfrog skeleton (D:7)
  A gnoll shaman (D:4)
  2 iguanas
  A polar bear simulacrum (Lair:1)
  An orc wizard (D:4)
  2 spriggan simulacra (IceCv)
  A hound zombie (D:5)
  A howler monkey zombie (D:7)
  8 gnolls
  10 adders
  2 white imps
  An adder skeleton (D:4)
  3 worms
  3 dart slugs
  13 orcs
  14 ball pythons
  6 endoplasms
  5 giant cockroaches
  7 goblins
  7 hobgoblins
  9 jackals
  14 kobolds
  6 quokkas
  4 bats
  4 frilled lizards
  8 rats
207 creatures vanquished.

Vanquished Creatures (collateral kills)
  A centaur zombie (D:5)
  A shadow imp (D:5)
2 creatures vanquished.

Vanquished Creatures (others)
  70 fulminant prisms
  3 fungi
  32 plants
105 creatures vanquished.

Grand Total: 314 creatures vanquished

Notes
Turn   | Place    | Note
-------+----------+-------------------------------------------
     0 | D:1      | concernfroge the Deep Elf Conjurer began the quest for the
                  | Orb.
     0 | D:1      | Reached XP level 1. HP: 10/10 MP: 6/6
     9 | D:1      | Noticed a bullfrog
   178 | D:1      | Reached XP level 2. HP: 15/15 MP: 1/8
   872 | D:1      | Learned a level 2 spell: Searing Ray
  1071 | D:2      | Reached skill level 5 in Conjurations
  1071 | D:2      | Reached XP level 3. HP: 19/19 MP: 7/10
  1075 | D:2      | Learned a level 3 spell: Dazzling Flash
  1545 | D:2      | Found a faded altar of an unknown god.
  1739 | D:2      | Reached skill level 1 in Hexes
  1894 | D:2      | Reached XP level 4. HP: 24/24 MP: 9/12
  1899 | D:2      | Learned a level 4 spell: Fulminant Prism
  2440 | D:3      | Identified the +6 leather armour of Understanding {rElec
                  | rC+ Str-3 Dex+4}
  2597 | D:3      | Reached skill level 5 in Spellcasting
  2636 | D:3      | Reached XP level 5. HP: 28/28 MP: 11/14
  2760 | D:3      | You fall into a shaft and drop 3 floors!
  2879 | D:6      | Noticed an ogre
  2883 | D:6      | Killed an ogre
  2884 | D:6      | Reached XP level 6. HP: 32/32 MP: 7/16
  3073 | D:6      | Identified the +4 whip "Ussomadgh" {vorpal, rC- Will++ MP+9
                  | Str+2}
  3431 | D:6      | Identified the +7 hand axe of Impermanence {vorpal, rN++
                  | Will+}
  3466 | D:6      | Found a staircase to the Ecumenical Temple.
  3472 | Temple   | Entered the Ecumenical Temple
  3521 | Temple   | Became a worshipper of Sif Muna the Loreminder
  3593 | D:6      | Found an ornate altar of the Wu Jian Council.
  3914 | D:5      | Entered Level 5 of the Dungeon
  4004 | D:5      | Noticed a water moccasin
  4007 | D:5      | Killed a water moccasin
  4008 | D:5      | Reached skill level 5 in Hexes
  4008 | D:5      | Reached XP level 7. HP: 33/36 MP: 18/18
  4411 | D:5      | Learned a level 4 spell: Iskenderun's Mystic Blast
  4654 | D:5      | Reached skill level 1 in Translocations
  5138 | D:4      | Found a burning altar of Makhleb.
  5270 | D:4      | Found a hide-covered altar of Uskayaw.
  5272 | D:4      | Found a glowing silver altar of Zin.
  5272 | D:4      | Found a glowing golden altar of the Shining One.
  5273 | D:4      | Noticed Sigmund
  5285 | D:4      | Killed Sigmund
  5386 | D:4      | Found an ancient bone altar of Kikubaaqudgha.
  5386 | D:4      | Found a shadowy altar of Dithmenos.
  5387 | D:4      | Found a stormy altar of Qazlal.
  5588 | D:4      | Reached XP level 8. HP: 41/41 MP: 21/21
  5766 | D:4      | Reached * piety under Sif Muna
  7672 | D:8      | Reached XP level 9. HP: 45/45 MP: 23/23
  7698 | D:8      | Noticed Prince Ribbit
  7701 | D:8      | Killed Prince Ribbit
  7709 | D:8      | Reached skill level 5 in Translocations
  7717 | D:8      | Noticed a two-headed ogre
  7721 | D:8      | Killed a two-headed ogre
  7863 | D:8      | Found a staircase to the Lair.
  7920 | D:8      | Got the Handbook of Mana
  8253 | D:8      | Found a sacrificial altar of Ru.
  8298 | D:8      | Reached skill level 10 in Spellcasting
  8386 | D:8      | Found Mog Xaru's Antique Armour Emporium.
  8419 | D:8      | Reached ** piety under Sif Muna
  8597 | D:8      | Bought a pair of fading boots for 285 gold pieces
  8597 | D:8      | Identified the +1 pair of boots of Quantum Leap {*Corrode
                  | +Blink rElec Int+4} (You bought it in a shop on level 8 of
                  | the Dungeon)
  8826 | D:8      | Found an iron altar of Okawaru.
  8886 | Lair:1   | Entered Level 1 of the Lair of Beasts
  9065 | Lair:1   | Noticed a black mamba
  9071 | Lair:1   | Killed a black mamba
  9072 | Lair:1   | Reached XP level 10. HP: 50/50 MP: 15/26
  9076 | Lair:1   | Reached skill level 10 in Conjurations
  9076 | Lair:1   | Reached skill level 10 in Hexes
  9418 | Lair:1   | Noticed a black mamba
  9420 | Lair:1   | Killed a black mamba
  9442 | Lair:1   | Found a frozen archway.
  9448 | IceCv    | Entered an ice cave
  9596 | IceCv    | Reached skill level 10 in Translocations
  9601 | IceCv    | Reached skill level 1 in Fighting
  9601 | IceCv    | Reached skill level 1 in Invocations
  9601 | IceCv    | Reached skill level 1 in Evocations
  9751 | IceCv    | Noticed an ice statue
  9751 | IceCv    | Noticed an ice statue
 10089 | IceCv    | Reached XP level 11. HP: 56/57 MP: 9/27
 10291 | IceCv    | Reached skill level 5 in Dodging
 10457 | IceCv    | Killed by an exploding fulminant prism

Illustrated notes

Levels and vault maps discovered:
D:1:      evilmike_arrival_come_back, layout_basic
D:2:      layout_basic, shapermc_ecumenical_altar_acropolis,
          minmay_misc_feat_room, palyth_stone_intersect
D:3:      layout_basic, serial_bayou_pond_a, minmay_surrounded
D:4:      minmay_chambers_of_threes, layout_loops_ring,
          grunt_temple_overflow_open, minmay_crystal_room,
          kennysheep_cluttered_room, uniq_sigmund
D:5:      layout_basic, serial_bayou, serial_bayou_lagoon_a,
          serial_bayou_pond_a, serial_bayou_lake_a, serial_bayou_ford_a,
          water_maze_lemuel
D:6:      layout_basic, nzn_wu_jian_contemplation
D:7:      layout_gridville, minmay_misc_feat_tower, minmay_misc_feat_five
D:8:      layout_loops_ring, okawaru_altar_gauntlet_db,
          mainiacjoe_overflow_alcove_4, dpeg_oklobed_lair,
          nicolae_inconvenience_store, uniq_prince_ribbit1
Temple:   nicolae_temple_x_marks_the_god
Lair:1:   layout_roguey [special_room_bee], gauntlet_entry_generic,
          portal_ice_cave_entry_ice_simulacra
IceCv:    ice_cave_tombish

Skill      XL: |  1  2  3  4  5  6  7  8  9 10 11 |
---------------+----------------------------------+-----
Spellcasting   | 4 5 6 7 8 10 | 10.0
Conjurations   | 5 6 7 8 9 10 | 10.0
Hexes          | 1 2 3 5 6 7 9 10 | 10.0
Translocations | 2 4 6 10 | 10.0
Fighting       | 1 2 |  2.8
Dodging        | 4 5 |  5.0
Invocations    | 2 3 |  3.7
Evocations     | 2 3 |  3.7
Stealth        | |  2.4

Action                   |  1- 3 |  4- 6 |  7- 9 | 10-12 || total
-------------------------+-------+-------+-------+-------++-------
Melee: Whip              |       |       |     1 |       ||     1
 Cast: Magic Dart        |    70 |    47 |    81 |    20 ||   218
       Searing Ray       |     4 |    12 |    20 |    18 ||    54
       Fulminant Prism   |       |     3 |    36 |    31 ||    70
       Iskenderun's Myst |       |       |    22 |    18 ||    40
Invok: Channel Magic     |       |       |       |     1 ||     1
Evoke: Wand              |       |       |     2 |    13 ||    15
  Use: Scroll            |       |     8 |     4 |     2 ||    14
       Potion            |       |       |     3 |     3 ||     6
Armor: Robe              |     2 |     7 |     3 |       ||    12
       Steam dragon scal |       |       |       |    14 ||    14
Dodge: Dodged            |     5 |     8 |    11 |     9 ||    33
